[Event "WJCC U20 Girls 2019"]
[Site "New Delhi"]
[Date "2019.10.15"]
[Round "1"]
[White "Narva, Mai"]
[Black "Gomez Barrera, Javiera Belen"]
[Result "1/2-1/2"]
[ECO "C88"]
[WhiteElo "2378"]
[BlackElo "2033"]
[Annotator "NA"]
[PlyCount "154"]
[EventDate "2019.??.??"]
[EventCountry "IND"]
[SourceTitle "playchess.com"]
[Source "ChessBase"]
[SourceQuality "1"]
[TimeControl "40/5400+30:1800+30"]

1. e4 e5 2. Nf3 Nc6 3. Bb5 a6 4. Ba4 Nf6 5. O-O b5 6. Bb3 Bb7 7. Re1 Be7 8. c3 d5 9. exd5 Nxd5 10. Nxe5 Nxe5 11. Rxe5 c5 12. d3 O-O 13. a4 Qd6 14. Re1 Rae8 15. Nd2 Nf4 16. Ne4 Qxd3 17. Bxf4 Bxe4 18. axb5 axb5 19. Qxd3 Bxd3 20. Ra7 c4 21. Bxc4 bxc4 22. Rexe7 Rxe7 23. Rxe7 Bf5 24. Rb7 Be6 25. Be5 Re8 26. f4 f6 27. Bd4 Bd5 28. Rb5 Bf7 29. g4 h6 30. Kf2 Ra8 31. h4 Rc8 32. g5 hxg5 33. hxg5 fxg5 34. Rxg5 g6 35. Rg2 Rb8 36. Ke3 Rb5 37. Be5 Kf8 38. Rh2 Ke7 39. Ke4 Bd5+ 40. Kd4 Bf7 41. Re2 Rd5+ 42. Ke4 Rb5 43. Rd2 Be6 44. Bd6+ Kf7 45. Bb4 Bf5+ 46. Ke3 Rb7 47. Rh2 Rd7 48. Rh8 Kg7 49. Rb8 Rd3+ 50. Kf2 Rd2+ 51. Ke1 Rd7 52. Bc5 Be6 53. Bd4+ Kf7 54. Kf2 Bd5 55. Rb6 Be6 56. Ke3 Rd8 57. Ke4 Rd7 58. Rb8 Bd5+ 59. Ke5 Bc6 60. Rb6 Rd5+ 61. Ke4 Rd6+ 62. Ke3 Re6+ 63. Be5 Bd7 64. Rb7 Re7 65. b3 Be6 66. Rxe7+ Kxe7 67. b4 Kd7 68. b5 Bf5 69. Kd4 Bd3 70. Kc5 Kc8 71. Kb6 Be4 72. Ka7 Bd5 73. b6 Be4 74. Ka6 Bc6 75. Bd6 Bd5 76. Kb5 Kb7 77. Kc5 Be4 1/2-1/2

[Event "WJCC U20 Girls 2019"]
[Site "New Delhi"]
[Date "2019.10.15"]
[Round "1"]
[White "Dordzhieva, Dinara"]
[Black "Cosme Contreras, Trilce"]
[Result "1-0"]
[ECO "E97"]
[WhiteElo "2335"]
[BlackElo "2027"]
[Annotator "NA"]
[PlyCount "171"]
[EventDate "2019.??.??"]
[EventCountry "IND"]
[SourceTitle "playchess.com"]
[Source "ChessBase"]
[SourceQuality "1"]
[TimeControl "40/5400+30:1800+30"]

1. d4 Nf6 2. c4 g6 3. Nc3 Bg7 4. e4 d6 5. Nf3 O-O 6. Be2 e5 7. O-O Nc6 8. d5 Ne7 9. Bg5 h6 10. Bd2 Nd7 11. Rc1 a6 12. b4 f5 13. exf5 Nxf5 14. Ne4 Nf6 15. Bd3 Nxe4 16. Bxe4 Qf6 17. Bc3 Ne7 18. Nd2 g5 19. Qc2 Bf5 20. a4 Qg6 21. Rfe1 Rf7 22. Bxf5 Nxf5 23. a5 Raf8 24. c5 Ne7 25. Qxg6 Nxg6 26. Ne4 Rd8 27. Rcd1 Nf4 28. g3 Nh3+ 29. Kg2 g4 30. cxd6 cxd6 31. Bd2 Kh7 32. b5 axb5 33. Rb1 Kg6 34. Rxb5 h5 35. Rb6 Bf8 36. Rc1 Kf5 37. Rc4 Rdd7 38. Be3 Be7 39. Rb2 Bg5 40. Bb6 Bh6 41. f3 Kg6 42. fxg4 hxg4 43. Rbc2 Bf8 44. Re2 Rf5 45. Nc3 Kh5 46. Ree4 Rg7 47. Nd1 Rff7 48. Re2 Rg6 49. Nc3 Ng5 50. Nb5 Rgf6 51. Nc7 Rh7 52. Be3 Rff7 53. Nb5 Nf3 54. Nc3 Bh6 55. Bb6 Ng5 56. Nd1 Nh3 57. Rec2 Bf8 58. Ne3 Rhg7 59. Re4 Rg6 60. Rec4 Rgg7 61. Rc8 Rg6 62. Re8 Rgf6 63. Nd1 Bh6 64. Bf2 Rf8 65. Re7 Nxf2 66. Nxf2 R8f7 67. Rxf7 Rxf7 68. Ne4 Bf8 69. Rb2 Kg6 70. Nf2 Kf5 71. Rb4 Rg7 72. Kf1 Rc7 73. Nxg4 e4 74. Ne3+ Ke5 75. Ke2 Be7 76. h4 Bd8 77. Rb5 Rf7 78. Nc4+ Kd4 79. Nxd6 Rc7 80. Nf5+ Kc4 81. Rxb7 Rxb7 82. Nd6+ Kxd5 83. Nxb7 Bc7 84. g4 Kc6 85. a6 Kb6 86. Nc5 1-0

[Event "WJCC U20 Girls 2019"]
[Site "New Delhi"]
[Date "2019.10.15"]
[Round "1"]
[White "Antova, Gabriela"]
[Black "Mirza, Diana"]
[Result "1-0"]
[ECO "A50"]
[WhiteElo "2318"]
[BlackElo "1986"]
[Annotator "NA"]
[PlyCount "123"]
[EventDate "2019.??.??"]
[EventCountry "IND"]
[SourceTitle "playchess.com"]
[Source "ChessBase"]
[SourceQuality "1"]
[TimeControl "40/5400+30:1800+30"]

1. d4 Nf6 2. c4 b6 3. Nf3 Bb7 4. Nc3 Ne4 5. Nxe4 Bxe4 6. e3 g6 7. Bd3 Bb7 8. e4 Bg7 9. Be3 c5 10. O-O cxd4 11. Bxd4 O-O 12. Bxg7 Kxg7 13. Qd2 d6 14. Rfe1 Nd7 15. Rad1 Qc7 16. b3 Rad8 17. Nd4 Ne5 18. Bb1 Qd7 19. Qg5 h6 20. Qg3 Qg4 21. Qe3 Nc6 22. h3 Qg5 23. Nc2 Qf6 24. Qd2 Ne5 25. f4 Nc6 26. Ne3 e6 27. Ng4 Qh4 28. Qb2+ f6 29. Kh2 g5 30. g3 Qh5 31. Ne3 Kg8 32. Rf1 e5 33. Nf5 exf4 34. gxf4 gxf4 35. Qg2+ Qg5 36. Qf2 Kh8 37. Rg1 Qh5 38. Ng7 Qe5 39. Rd5 Qe7 40. Rh5 Qxg7 41. Rxg7 Kxg7 42. Qxf4 Rh8 43. Rf5 Rhf8 44. Qg4+ Kf7 45. Qh5+ Ke6 46. Qxh6 Ne5 47. Qf4 Rf7 48. Rh5 Rg8 49. Rh6 Ke7 50. Bc2 f5 51. Bd1 Bxe4 52. Qd2 Nd3 53. Bc2 Rfg7 54. Rh7 Rxh7 55. Bxd3 Rg2+ 56. Qxg2 Bxg2 57. Kxg2 Kf6 58. Kg3 Ke5 59. Be2 f4+ 60. Kg2 Rg7+ 61. Bg4 Ke4 62. Kf2 1-0

[Event "WJCC U20 Girls 2019"]
[Site "New Delhi"]
[Date "2019.10.15"]
[Round "1"]
[White "Diakonova, Ekaterina"]
[Black "Ghosh Samriddhaa"]
[Result "1-0"]
[ECO "C12"]
[WhiteElo "2231"]
[BlackElo "1867"]
[Annotator "NA"]
[PlyCount "103"]
[EventDate "2019.??.??"]
[EventCountry "IND"]
[SourceTitle "playchess.com"]
[Source "ChessBase"]
[SourceQuality "1"]
[TimeControl "40/5400+30:1800+30"]

1. e4 e6 2. d4 d5 3. Nc3 Nf6 4. Bg5 Bb4 5. e5 h6 6. Bd2 Bxc3 7. Bxc3 Ne4 8. Ne2 O-O 9. Bb4 c5 10. Ba3 b5 11. dxc5 Nc6 12. Nd4 Qh4 13. g3 Nxg3 14. hxg3 Qe4+ 15. Qe2 Qxd4 16. c3 Qa4 17. Rh4 Qa5 18. Qxb5 Qxb5 19. Bxb5 Nxe5 20. Ra4 f5 21. c6 Rf7 22. Bd6 Ng4 23. c4 dxc4 24. Bxc4 Nf6 25. O-O-O Ne4 26. f3 Nxd6 27. Rxd6 Rc7 28. b4 Kf7 29. b5 Ke7 30. Rd3 Rb8 31. Rb3 Kd6 32. f4 g5 33. Kc2 Rg7 34. Rba3 gxf4 35. gxf4 a6 36. Rd3+ Kc5 37. bxa6 Kxc6 38. Rd8 Kc7 39. Rh8 Rg2+ 40. Kc3 Rf2 41. a7 Rf3+ 42. Bd3 Ra8 43. Rc4+ Kd6 44. Rhxc8 Rxa7 45. a4 h5 46. Rd4+ Ke7 47. Rh8 Kf6 48. Rxh5 e5 49. Rxf5+ Kg7 50. fxe5 Rc7+ 51. Rc4 Rxc4+ 52. Kxc4 1-0

[Event "WJCC U20 Girls 2019"]
[Site "New Delhi"]
[Date "2019.10.15"]
[Round "1"]
[White "Zhang, Xiao"]
[Black "Assaubayeva, Bibisara"]
[Result "0-1"]
[ECO "D12"]
[WhiteElo "2053"]
[BlackElo "2381"]
[Annotator "NA"]
[PlyCount "142"]
[EventDate "2019.??.??"]
[EventCountry "IND"]
[SourceTitle "playchess.com"]
[Source "ChessBase"]
[SourceQuality "1"]
[TimeControl "40/5400+30:1800+30"]

1. d4 d5 2. c4 c6 3. Nf3 Nf6 4. e3 Bf5 5. Nc3 e6 6. Nh4 Be4 7. f3 Bg6 8. Nxg6 hxg6 9. cxd5 cxd5 10. Qb3 Qc7 11. Bd2 Nc6 12. O-O-O a6 13. Kb1 Nd7 14. Rc1 Rc8 15. e4 dxe4 16. Nxe4 Qb6 17. Qa4 Be7 18. h4 Rd8 19. Be3 Qb4 20. Qxb4 Nxb4 21. Bf2 Nd5 22. Nc5 Nxc5 23. dxc5 Bf6 24. Bc4 Nf4 25. c6 bxc6 26. Bxa6 Rd2 27. Rc2 Rxc2 28. Kxc2 Nxg2 29. Rd1 Bxh4 30. Bc5 Rh5 31. Bb6 Ne1+ 32. Kb3 Rf5 33. a4 Rxf3+ 34. Kc4 Nc2 35. Bb7 Rf4+ 36. Kc3 Nb4 37. Bc7 Re4 38. Kb3 Be7 39. a5 Re3+ 40. Kc4 Re4+ 41. Kb3 Re3+ 42. Kc4 Re4+ 43. Kb3 f5 44. a6 Nxa6 45. Bxa6 g5 46. Bd3 Rb4+ 47. Kc2 g4 48. b3 Rb7 49. Be5 Bf6 50. Re1 Bxe5 51. Rxe5 Re7 52. Kd2 Kd7 53. Ke1 Kd6 54. Re2 g5 55. Bc4 e5 56. Rg2 e4 57. Be2 Ke5 58. Kf2 Kf4 59. Rg1 Rh7 60. Ke1 Rh3 61. Rf1+ Ke5 62. Bc4 f4 63. Rg1 g3 64. Bf1 Rh2 65. Bc4 Rb2 66. Kf1 Rb1+ 67. Kg2 f3+ 68. Kh1 Rxg1+ 69. Kxg1 e3 70. Kf1 g2+ 71. Kg1 e2 0-1

[Event "WJCC U20 Girls 2019"]
[Site "New Delhi"]
[Date "2019.10.15"]
[Round "1"]
[White "Tamarozi, Isabelle"]
[Black "Berdnyk, Mariia"]
[Result "0-1"]
[ECO "C88"]
[WhiteElo "2029"]
[BlackElo "2349"]
[Annotator "NA"]
[PlyCount "156"]
[EventDate "2019.??.??"]
[EventCountry "IND"]
[SourceTitle "playchess.com"]
[Source "ChessBase"]
[SourceQuality "1"]
[TimeControl "40/5400+30:1800+30"]

1. e4 e5 2. Nf3 Nc6 3. Bb5 a6 4. Ba4 Nf6 5. d3 b5 6. Bb3 Be7 7. O-O O-O 8. a4 Bb7 9. Re1 h6 10. Nbd2 Re8 11. Nf1 Bf8 12. c3 d5 13. Qe2 Na5 14. Bc2 c5 15. Ng3 c4 16. dxc4 bxc4 17. exd5 e4 18. Nd4 Qxd5 19. Be3 Qe5 20. Rab1 Bd5 21. Red1 Rac8 22. Ngf5 Nc6 23. f4 exf3 24. Nxf3 Qe6 25. Qd2 Bxf3 26. gxf3 Kh8 27. Re1 Ne5 28. Qg2 Qd5 29. Nd4 Bc5 30. Be4 Nxe4 31. fxe4 Qd6 32. Kh1 Qg6 33. Rf1 Ng4 34. Bg1 Nf6 35. Nf5 Qxg2+ 36. Kxg2 Nxe4 37. Bxc5 Rxc5 38. Rbe1 Re6 39. Re2 g6 40. Nd4 Re7 41. Rfe1 f5 42. h4 h5 43. Nf3 Rb7 44. Nd2 Nf6 45. Re6 Nd5 46. Re8+ Kg7 47. Nf3 Rxb2+ 48. Kg3 f4+ 49. Kh3 Ne3 50. Nd4 Kf7 51. Ra8 Ra5 52. Ne2 f3 53. Ra7+ Kg8 54. Ng3 Re5 55. Nf1 Re2 56. Rb1 Nf5 57. Rxa6 R5e4 58. Rb8+ Kf7 59. Rb7+ Ne7 60. Kg3 f2 61. Kf3 Re5 62. Raa7 Rc2 63. a5 Re1 64. Kg2 Kf6 65. a6 Nf5 66. Rb6+ Ke5 67. Rb5+ Kf4 68. Rf7 Kg4 69. Rbxf5 gxf5 70. a7 Ra2 71. Rf8 Rxa7 72. Kxf2 Rxf1+ 73. Kxf1 Ra3 74. Rg8+ Kxh4 75. Rf8 Kg4 76. Rg8+ Kf3 77. Ke1 Rxc3 78. Rh8 Kg4 0-1

[Event "WJCC U20 Girls 2019"]
[Site "New Delhi"]
[Date "2019.10.15"]
[Round "1"]
[White "Priyanka, Kumari"]
[Black "Eesha Ajay Sarda"]
[Result "1/2-1/2"]
[ECO "B10"]
[WhiteElo "1921"]
[BlackElo "1744"]
[Annotator "NA"]
[PlyCount "31"]
[EventDate "2019.??.??"]
[EventCountry "IND"]
[SourceTitle "playchess.com"]
[Source "ChessBase"]
[SourceQuality "1"]
[TimeControl "40/5400+30:1800+30"]

1. e4 c6 2. Nf3 d5 3. exd5 cxd5 4. Ne5 a6 5. d4 Nf6 6. Bd3 g6 7. c3 Bg7 8. Nd2 O-O 9. O-O Qc7 10. Ndf3 Nc6 11. Qe2 Nxe5 12. dxe5 Nd7 13. Re1 Nc5 14. h3 Bd7 15. Bc2 Rac8 16. Bb3 1/2-1/2

[Event "WJCC U20 Girls 2019"]
[Site "New Delhi"]
[Date "2019.10.15"]
[Round "1"]
[White "Onur, Cigdem"]
[Black "Altantuya, Boldbaatar"]
[Result "0-1"]
[ECO "C04"]
[WhiteElo "1913"]
[BlackElo "2277"]
[Annotator "NA"]
[PlyCount "114"]
[EventDate "2019.??.??"]
[EventCountry "IND"]
[SourceTitle "playchess.com"]
[Source "ChessBase"]
[SourceQuality "1"]
[TimeControl "40/5400+30:1800+30"]

1. e4 e6 2. d4 d5 3. Nd2 Nc6 4. Ngf3 Nf6 5. e5 Nd7 6. c4 dxc4 7. Nxc4 Nb6 8. a3 Be7 9. Bd3 Nd5 10. O-O O-O 11. Qe2 Qe8 12. Ng5 h6 13. Nh7 b5 14. Nd2 Nf4 15. Qe4 Nxd3 16. Nxf8 Bxf8 17. Qxd3 Qd8 18. Nf3 Qd5 19. Bf4 Bb7 20. Rac1 Rd8 21. Rfd1 g5 22. Bxg5 hxg5 23. Nxg5 Bg7 24. Qh7+ Kf8 25. Qh5 Nxe5 26. f3 Ng6 27. Kh1 Rd7 28. Rc5 Qd6 29. Rxb5 c6 30. Ne4 Qe7 31. Rg5 Rd5 32. Rxd5 exd5 33. Nc5 Bc8 34. f4 Nxf4 35. Qf3 Qe2 36. Qxe2 Nxe2 37. Nb3 Bf5 38. Rd2 Nf4 39. Rf2 Bh6 40. Na5 Bd7 41. Rc2 Bg7 42. Nxc6 Bxc6 43. Rxc6 Bxd4 44. g3 Ne6 45. Rc2 Ke7 46. Kg2 Be3 47. h4 Kd6 48. Re2 Bh6 49. Rf2 Ke7 50. Re2 d4 51. Kf3 d3 52. Re4 f5 53. Ra4 Kd6 54. Rxa7 Nd4+ 55. Kf2 d2 56. Ra6+ Ke5 57. Ra5+ Ke4 0-1

[Event "WJCC U20 Girls 2019"]
[Site "New Delhi"]
[Date "2019.10.15"]
[Round "1"]
[White "Tsotsonava, Elene"]
[Black "Obregon Garcia, Roxangel"]
[Result "1/2-1/2"]
[ECO "B66"]
[WhiteElo "1905"]
[BlackElo "2267"]
[Annotator "NA"]
[PlyCount "143"]
[EventDate "2019.??.??"]
[EventCountry "IND"]
[SourceTitle "playchess.com"]
[Source "ChessBase"]
[SourceQuality "1"]
[TimeControl "40/5400+30:1800+30"]

1. e4 c5 2. Nf3 Nc6 3. d4 cxd4 4. Nxd4 Nf6 5. Nc3 d6 6. Bg5 e6 7. Qd2 a6 8. O-O-O Be7 9. f3 Nxd4 10. Qxd4 b5 11. Kb1 Bb7 12. g4 Rc8 13. a3 O-O 14. h4 d5 15. exd5 Nxd5 16. Ne4 Qc7 17. Bd3 Rfd8 18. Bxe7 Qxe7 19. Qf2 b4 20. axb4 Nxb4 21. Qe2 Bd5 22. g5 Qc7 23. Nf6+ Kh8 24. Nxd5 Rxd5 25. Be4 Qa5 26. Bxd5 exd5 27. c3 Qa2+ 28. Kc1 Rxc3+ 29. bxc3 Qxe2 30. cxb4 Qc4+ 31. Kd2 d4 32. Rc1 Qxb4+ 33. Kd1 Qb3+ 34. Kd2 Qe3+ 35. Kc2 d3+ 36. Kb1 h6 37. gxh6 Qxh6 38. Rhd1 Qb6+ 39. Ka2 Qa5+ 40. Kb2 Qb4+ 41. Ka2 Qd4 42. Rd2 Qa4+ 43. Kb1 Qb4+ 44. Rb2 Qxh4 45. Rd1 g6 46. Rxd3 a5 47. Rbb3 Qf2 48. Rdc3 Kg7 49. Rc2 Qd4 50. Rcc3 a4 51. Ra3 g5 52. Rd3 Qb4+ 53. Ka1 Kf6 54. Rac3 Kf5 55. Re3 f6 56. Ka2 Kg6 57. Ka1 Kh5 58. Ka2 f5 59. Red3 Kh4 60. Ka1 Kg3 61. Ka2 f4 62. Ka1 Qb5 63. Ra3 Qe5+ 64. Ka2 Qe1 65. Rac3 Qe2+ 66. Ka3 Kf2 67. Kxa4 Qe3 68. Rc2+ Kxf3 69. Rxe3+ Kxe3 70. Rg2 f3 71. Rxg5 f2 72. Rf5 1/2-1/2

[Event "WJCC U20 Girls 2019"]
[Site "New Delhi"]
[Date "2019.10.15"]
[Round "1"]
[White "Toshali, V."]
[Black "Di Benedetto, Desiree"]
[Result "1/2-1/2"]
[ECO "D02"]
[WhiteElo "1868"]
[BlackElo "2235"]
[Annotator "NA"]
[PlyCount "115"]
[EventDate "2019.??.??"]
[EventCountry "IND"]
[SourceTitle "playchess.com"]
[Source "ChessBase"]
[SourceQuality "1"]
[TimeControl "40/5400+30:1800+30"]

1. d4 e6 2. Nf3 Nf6 3. Bf4 d5 4. e3 c5 5. Nbd2 Bd6 6. Bb5+ Nc6 7. Bxd6 Qxd6 8. c3 O-O 9. O-O Bd7 10. a4 Rfd8 11. Qb3 cxd4 12. exd4 Rac8 13. Rfe1 Qf4 14. Bd3 Be8 15. Qd1 Qc7 16. Qe2 a6 17. Bb1 b5 18. Nb3 Nb8 19. Nc5 bxa4 20. Bd3 a5 21. Nxa4 Nbd7 22. Ra3 Ra8 23. Nd2 Rdb8 24. Nb3 g6 25. g3 Nb6 26. Nac5 Nc4 27. Ra2 a4 28. Bxc4 dxc4 29. Na1 Bc6 30. Nc2 Qd6 31. Nb4 Rxb4 32. cxb4 Qd5 33. f3 Qxd4+ 34. Qe3 Qxe3+ 35. Rxe3 Nd5 36. Re2 c3 37. Ra3 Bb5 38. Rc2 cxb2 39. Rxb2 Nb6 40. Rc3 Nc4 41. Ra2 Nb6 42. Rca3 Kg7 43. Ne4 Nc4 44. Rc3 a3 45. Nc5 e5 46. Nb7 Ra4 47. Na5 Nd6 48. Rcxa3 Rxb4 49. Rd2 Rb1+ 50. Kf2 Nf5 51. Rb3 Rf1+ 52. Kg2 Ba6 53. Nc6 Re1 54. Kf2 Rf1+ 55. Kg2 Re1 56. Kf2 Rh1 57. Kg2 Re1 58. Kf2 1/2-1/2

[Event "WJCC U20 Girls 2019"]
[Site "New Delhi"]
[Date "2019.10.15"]
[Round "1"]
[White "Lakshmi C"]
[Black "Harshini A"]
[Result "1-0"]
[ECO "C60"]
[WhiteElo "1859"]
[BlackElo "2230"]
[Annotator "NA"]
[PlyCount "142"]
[EventDate "2019.??.??"]
[EventCountry "IND"]
[SourceTitle "playchess.com"]
[Source "ChessBase"]
[SourceQuality "1"]
[TimeControl "40/5400+30:1800+30"]

1. e4 e5 2. Nf3 Nc6 3. Bb5 g6 4. c3 d6 5. d4 exd4 6. cxd4 Bd7 7. Bg5 Be7 8. Be3 Bf6 9. Nc3 a6 10. Be2 Nge7 11. Bh6 Bg4 12. d5 Nb8 13. O-O Bxf3 14. Bxf3 g5 15. e5 dxe5 16. d6 cxd6 17. Bxb7 Ra7 18. Ne4 Nf5 19. Qf3 Nxh6 20. Nxf6+ Kf8 21. Rac1 e4 22. Bxe4 Nd7 23. Nxh7+ Kg8 24. Qe3 Nc5 25. Qxg5+ Qxg5 26. Nxg5 Ng4 27. h3 Nf6 28. Bf3 Kg7 29. b4 Nd3 30. Rc4 Rb8 31. a3 a5 32. Rd4 Ne5 33. Rxd6 axb4 34. axb4 Rxb4 35. Re1 Nxf3+ 36. Nxf3 Ne4 37. Rd4 Rxd4 38. Nxd4 Nf6 39. g4 Ra4 40. Nf5+ Kg6 41. Kg2 Kg5 42. Re5 Kg6 43. f3 Nd7 44. Rd5 Nf8 45. Nd4 Kg7 46. h4 Ng6 47. Kg3 Ra1 48. Nf5+ Kf6 49. h5 Nf8 50. Nd4 Nh7 51. g5+ Ke7 52. Kf4 Rg1 53. Nf5+ Ke8 54. Ra5 Kd7 55. g6 fxg6 56. hxg6 Nf6 57. Ra7+ Kd8 58. g7 Nh5+ 59. Ke3 Nf6 60. Nh6 Ke8 61. Ra8+ Ke7 62. g8=Q Nxg8 63. Rxg8 Re1+ 64. Kf4 Ra1 65. Ng4 Kf7 66. Rb8 Ra4+ 67. Kf5 Ra5+ 68. Ne5+ Kg7 69. f4 Ra6 70. Kg5 Ra5 71. Rb7+ Kg8 1-0

[Event "WJCC U20 Girls 2019"]
[Site "New Delhi"]
[Date "2019.10.15"]
[Round "1.2"]
[White "Nastase, Andreea-Cristina"]
[Black "Tsolakidou, Stavroula"]
[Result "*"]
[ECO "A07"]
[WhiteElo "2077"]
[BlackElo "2431"]
[Annotator "NA RC"]
[PlyCount "35"]
[EventDate "2019.10.15"]
[EventType "swiss"]
[EventCountry "IND"]
[SourceTitle "playchess.com"]
[Source "ChessBase"]
[SourceQuality "1"]
[TimeControl "40/5400+30:1800+30"]

1. Nf3 Nf6 2. g3 d5 3. Bg2 c6 4. O-O Bg4 5. d4 e6 6. Nbd2 Be7 7. c4 O-O 8. cxd5 exd5 9. Ne5 Bh5 10. Re1 Nbd7 11. Ndf3 a6 12. a3 Re8 13. Bf4 Nf8 14. Bg5 Ne4 15. Bxe7 Qxe7 16. Qc2 Nd6 17. e3 f6 18. Nd3 *

[Event "WJCC U20 Girls 2019"]
[Site "New Delhi"]
[Date "2019.10.15"]
[Round "1.5"]
[White "Vaishali R"]
[Black "Ortiz Verdezoto, Anahi"]
[Result "1/2-1/2"]
[ECO "C77"]
[WhiteElo "2385"]
[BlackElo "2055"]
[Annotator "NA"]
[PlyCount "52"]
[EventDate "2019.10.15"]
[EventType "swiss"]
[EventCountry "IND"]
[SourceTitle "playchess.com"]
[Source "ChessBase"]
[SourceQuality "1"]
[TimeControl "40/5400+30:1800+30"]

1. e4 e5 2. Nf3 Nc6 3. Bb5 a6 4. Ba4 Nf6 5. d3 d6 6. c3 Be7 7. O-O b5 8. Bc2 O-O 9. Re1 Nb8 10. d4 Nbd7 11. Nbd2 Bb7 12. Nf1 Re8 13. a4 c5 14. Ng3 g6 15. Bh6 Ng4 16. Bd2 Qc7 17. Ng5 Ngf6 18. f4 cxd4 19. cxd4 Qb6 20. Be3 exf4 21. a5 Qa7 22. Bxf4 Ne5 23. Kh1 Nc6 24. Bb3 Rf8 25. Be3 Qb8 26. Rf1 Bc8 1/2-1/2

[Event "WJCC U20 Girls 2019"]
[Site "New Delhi"]
[Date "2019.10.15"]
[Round "1.6"]
[White "Zhang, Xiao"]
[Black "Assaubayeva, Bibisara"]
[Result "*"]
[ECO "D12"]
[WhiteElo "2053"]
[BlackElo "2381"]
[Annotator "NA"]
[PlyCount "96"]
[EventDate "2019.10.15"]
[EventType "swiss"]
[EventCountry "IND"]
[SourceTitle "playchess.com"]
[Source "ChessBase"]
[SourceQuality "1"]
[TimeControl "40/5400+30:1800+30"]

1. d4 d5 2. c4 c6 3. Nf3 Nf6 4. e3 Bf5 5. Nc3 e6 6. Nh4 Be4 7. f3 Bg6 8. Nxg6 hxg6 9. cxd5 cxd5 10. Qb3 Qc7 11. Bd2 Nc6 12. O-O-O a6 13. Kb1 Nd7 14. Rc1 Rc8 15. e4 dxe4 16. Nxe4 Qb6 17. Qa4 Be7 18. h4 Rd8 19. Be3 Qb4 20. Qxb4 Nxb4 21. Bf2 Nd5 22. Nc5 Nxc5 23. dxc5 Bf6 24. Bc4 Nf4 25. c6 bxc6 26. Bxa6 Rd2 27. Rc2 Rxc2 28. Kxc2 Nxg2 29. Rd1 Bxh4 30. Bc5 Rh5 31. Bb6 Ne1+ 32. Kb3 Rf5 33. a4 Rxf3+ 34. Kc4 Nc2 35. Bb7 Rf4+ 36. Kc3 Nb4 37. Bc7 Re4 38. Kb3 Be7 39. a5 Re3+ 40. Kc4 Re4+ 41. Kb3 Re3+ 42. Kc4 Re4+ 43. Kb3 f5 44. a6 Nxa6 45. Bxa6 g5 46. Bd3 Rb4+ 47. Kc2 g4 48. b3 Rb7 *

[Event "WJCC U20 Girls 2019"]
[Site "New Delhi"]
[Date "2019.10.15"]
[Round "1.12"]
[White "Chandreyee, Hajra"]
[Black "Munkhzul, Turmunkh"]
[Result "0-1"]
[ECO "B92"]
[WhiteElo "2024"]
[BlackElo "2332"]
[Annotator "NA RC"]
[PlyCount "104"]
[EventDate "2019.10.15"]
[EventType "swiss"]
[EventCountry "IND"]
[SourceTitle "playchess.com"]
[Source "ChessBase"]
[SourceQuality "1"]
[TimeControl "40/5400+30:1800+30"]

1. e4 c5 2. Nf3 d6 3. d4 cxd4 4. Nxd4 Nf6 5. Nc3 a6 6. Be2 e5 7. Nb3 Be7 8. O-O O-O 9. Kh1 b6 10. f3 Bb7 11. Be3 b5 12. a4 b4 13. Nd5 Nxd5 14. exd5 Nd7 15. c3 bxc3 16. bxc3 Bg5 17. Bxg5 Qxg5 18. Na5 Nc5 19. Rb1 Qe7 20. Rb4 f5 21. Qd2 f4 22. Bd3 Bc8 23. Bc2 g5 24. h3 h5 25. Bg6 Qg7 26. Qc2 Rf6 27. Bxh5 Bf5 28. Qb2 e4 29. fxe4 Nxe4 30. Rb7 Qh6 31. Bf7+ Kf8 32. Kg1 Nc5 33. Be6 Nxb7 34. Qxb7 Re8 35. Qxa6 Bxe6 36. Qxd6+ Kg7 37. dxe6 Rfxe6 38. Qd7+ R8e7 39. Qd4+ Qf6 40. Nb3 Rd6 41. Qxf6+ Kxf6 42. a5 Rc7 43. Nd4 Ra6 44. g3 Ke5 45. Re1+ Kd5 46. gxf4 gxf4 47. Ne2 Rc4 48. Ra1 f3 49. Ng3 Rxc3 50. Kf2 Rc2+ 51. Kxf3 Rf6+ 52. Kg4 Rg6+ 0-1

[Event "WJCC U20 Girls 2019"]
[Site "New Delhi"]
[Date "2019.10.15"]
[Round "1.13"]
[White "Antova, Gabriela"]
[Black "Mirza, Diana"]
[Result "*"]
[ECO "A50"]
[WhiteElo "2318"]
[BlackElo "1986"]
[Annotator "NA"]
[PlyCount "74"]
[EventDate "2019.10.15"]
[EventType "swiss"]
[EventCountry "IND"]
[SourceTitle "playchess.com"]
[Source "ChessBase"]
[SourceQuality "1"]
[TimeControl "40/5400+30:1800+30"]

1. d4 Nf6 2. c4 b6 3. Nf3 Bb7 4. Nc3 Ne4 5. Nxe4 Bxe4 6. e3 g6 7. Bd3 Bb7 8. e4 Bg7 9. Be3 c5 10. O-O cxd4 11. Bxd4 O-O 12. Bxg7 Kxg7 13. Qd2 d6 14. Rfe1 Nd7 15. Rad1 Qc7 16. b3 Rad8 17. Nd4 Ne5 18. Bb1 Qd7 19. Qg5 h6 20. Qg3 Qg4 21. Qe3 Nc6 22. h3 Qg5 23. Nc2 Qf6 24. Qd2 Ne5 25. f4 Nc6 26. Ne3 e6 27. Ng4 Qh4 28. Qb2+ f6 29. Kh2 g5 30. g3 Qh5 31. Ne3 Kg8 32. Rf1 e5 33. Nf5 exf4 34. gxf4 gxf4 35. Qg2+ Qg5 36. Qf2 Kh8 37. Rg1 Qg7 *

[Event "WJCC U20 Girls 2019"]
[Site "New Delhi"]
[Date "2019.10.15"]
[Round "1.15"]
[White "Song, Yuxin"]
[Black "Punsalan, Vyanla M"]
[Result "1/2-1/2"]
[ECO "B27"]
[WhiteElo "2292"]
[BlackElo "1964"]
[Annotator "NA"]
[PlyCount "56"]
[EventDate "2019.10.15"]
[EventType "swiss"]
[EventCountry "IND"]
[SourceTitle "playchess.com"]
[Source "ChessBase"]
[SourceQuality "1"]
[TimeControl "40/5400+30:1800+30"]

1. e4 c5 2. Nf3 g6 3. c3 Bg7 4. d4 cxd4 5. cxd4 d5 6. e5 Bf5 7. Bb5+ Nc6 8. Nc3 a6 9. Bxc6+ bxc6 10. O-O e6 11. h3 h6 12. Bg5 f6 13. exf6 Bxf6 14. Bxf6 Qxf6 15. Ne5 Ne7 16. Qa4 O-O 17. Nd7 Qh4 18. Nxf8 Rxf8 19. Qa3 Bd3 20. Nxd5 Nxd5 21. Qxd3 Nf4 22. Qf3 g5 23. Rae1 g4 24. Qxc6 gxh3 25. g3 Qg4 26. Kh1 Ne2 27. Rd1 Kh8 28. Rd3 Rxf2 1/2-1/2

[Event "WJCC U20 Girls 2019"]
[Site "New Delhi"]
[Date "2019.10.15"]
[Round "1.16"]
[White "Pandey Srishti"]
[Black "Li, Yunshan"]
[Result "0-1"]
[ECO "D10"]
[WhiteElo "1963"]
[BlackElo "2289"]
[Annotator "NA"]
[PlyCount "62"]
[EventDate "2019.10.15"]
[EventType "swiss"]
[EventCountry "IND"]
[SourceTitle "playchess.com"]
[Source "ChessBase"]
[SourceQuality "1"]
[TimeControl "40/5400+30:1800+30"]

1. d4 d5 2. c4 c6 3. cxd5 cxd5 4. Nc3 Nf6 5. Nf3 Nc6 6. Bf4 e6 7. e3 Bd6 8. Bxd6 Qxd6 9. Bd3 a6 10. O-O b5 11. e4 dxe4 12. Nxe4 Nxe4 13. Bxe4 Bb7 14. Rc1 O-O 15. Rc3 h6 16. Ne5 Rac8 17. Rg3 Nxe5 18. Bxb7 Rcd8 19. h4 Kh8 20. h5 Qb6 21. Qe2 Nd7 22. Qg4 Rg8 23. Qf3 Nf6 24. Rd1 Rd7 25. Bc6 Rxd4 26. Re1 Rc8 27. Be4 Nxe4 28. Qxf7 Nxg3 29. Rxe6 Qd8 30. fxg3 Rc1+ 31. Kh2 Rh4+ 0-1

[Event "WJCC U20 Girls 2019"]
[Site "New Delhi"]
[Date "2019.10.15"]
[Round "1.17"]
[White "Solozhenkina, Elizaveta"]
[Black "Meghna, C H"]
[Result "*"]
[ECO "C05"]
[WhiteElo "2283"]
[BlackElo "1956"]
[Annotator "NA"]
[PlyCount "50"]
[EventDate "2019.10.15"]
[EventType "swiss"]
[EventCountry "IND"]
[SourceTitle "playchess.com"]
[Source "ChessBase"]
[SourceQuality "1"]
[TimeControl "40/5400+30:1800+30"]

1. e4 e6 2. d4 d5 3. Nd2 Nf6 4. e5 Nfd7 5. Bd3 c6 6. c3 c5 7. Ne2 cxd4 8. cxd4 f6 9. exf6 Nxf6 10. O-O Bd6 11. Nf3 Qc7 12. Bg5 O-O 13. Qc2 h6 14. Bh4 Nh5 15. Bh7+ Kh8 16. Bg6 Rxf3 17. Bxh5 Bxh2+ 18. Kh1 Rf5 19. Bg4 Bd6 20. Bxf5 exf5 21. Rae1 Qf7 22. Bg3 Bb4 23. Rd1 g5 24. a3 Bf8 25. Bc7 f4 *